 Dungeon Crawl Stone Soup version 0.28-a0-793-g31680bbd8b (webtiles) character file.

Game seed: 3103488415826183894

0 Rennog the Caller (level 1, 0/13 HPs)
             Began as a Merfolk Summoner on Nov 4, 2021.
             Slain by a kobold (2 damage)
             ... on level 1 of the Dungeon.
             The game lasted 00:00:38 (62 turns).

Rennog the Caller (Merfolk Summoner)                  Turns: 62, Time: 00:00:39

Health: 0/13       AC:  2    Str:  8    XL:     1   Next: 10%
Magic:  0/3        EV: 12    Int: 14    God:
Gold:   0          SH:  0    Dex: 14    Spells: 3/4 levels left

rFire   . . .      SeeInvis .   (no weapon)
rCold   . . .      Faith    .   (no shield)
rNeg    . . .      Spirit   .   a - +0 robe
rPois   .          Reflect  .   (no helmet)
rElec   .          Harm     .   (no cloak)
rCorr   .          Rampage  .   (no gloves)
Will    .....                   (no boots)
Stlth   ++........              (no amulet)
HPRegen 0.04/turn               (no ring)
MPRegen 0.08/turn               (no ring)

@: no status effects
A: (nimble swimmer 2), mertail
a: no special abilities


You were on level 1 of the Dungeon.
You visited 1 branch of the dungeon, and saw 1 of its levels.

Inventory:

Armour
 a - a +0 robe (worn)


   Skills:
 + Level 2.7 Dodging
 - Level 2.1 Stealth
 + Level 2.0 Spellcasting
 + Level 4.0 Summonings


You had 3 spell levels left.
You knew the following spells:

 Your Spells              Type           Power      Damage    Failure   Level
a - Summon Small Mammal   Summ           48%        N/A       4%          1

Your spell library contained the following spells:

 Spells                   Type           Power      Damage    Failure   Level
 Call Imp                 Summ           12%        N/A       7%          2
 Call Canine Familiar     Summ           12%        N/A       14%         3
 Summon Guardian Golem    Hex/Summ       7%         N/A       30%         3
 Summon Lightning Spire   Summ/Air       7%         N/A       71%         4


Dungeon Overview and Level Annotations

Branches:
Dungeon (1/15)

Altars:


Innate Abilities, Weirdness & Mutations

((You are quick and stealthy near water. (Stealth+, EV+, Speed+++)))
Your lower body shifts to a powerful aquatic tail in water.


Message History

Your bat hits the hobgoblin but does no damage.
The rat closely misses you.
You closely miss the rat.
The rat is heavily wounded.
Your bat closely misses the kobold.
The endoplasm jiggles.
The endoplasm completely misses your bat.
Your rat misses the rat. The rat closely misses you.
You barely miss the rat.
The rat is heavily wounded.
Your bat closely misses the kobold.
Your rat closely misses the rat.
The rat bites you but does no damage.
You barely miss the rat.
The rat is heavily wounded.
Your bat hits the kobold but does no damage.
The giant cockroach bites you.
Your rat misses the rat. The rat barely misses you.
You hit the rat but do no damage.
The rat is heavily wounded.
Your bat hits the kobold. The giant cockroach misses you.
The hobgoblin barely misses your rat. The rat barely misses you.
The kobold completely misses you.
Your rat bites the rat.
The rat dies!
You closely miss the kobold.
The kobold is moderately wounded.
The giant cockroach barely misses you.
Your bat hits the kobold but does no damage.
The hobgoblin hits your rat.
Your rat dies!
Your rat's corpse disappears in a puff of smoke!
The giant cockroach bites you but does no damage.
The kobold hits you with a +0 dagger.
Casting: Summon Small Mammal (safe; 4% risk of failure)
Confirm with . or Enter, or press ? or * to list all spells.
Your bat hits the kobold.
Your bat hits the kobold but does no damage. x2
The giant cockroach bites you.
* * * LOW HITPOINT WARNING * * *
The kobold hits you with a +0 dagger.
You die...

.......
######..#######
.......
#######...#
.......
#.....#...#
.......
#..>..'...#
.......
#.....##.##
.......####'####.#
##+##
.)....b#.....# ...
#....
......BK.....#
...##....
......g@###+##
.###''## ......J##
.##(.... .....r.
..#..<.. ......$
+..... .......
###### .......
)...... #######


You could see an endoplasm (ally target), a giant cockroach, a hobgoblin, a
kobold (ally target), a friendly bat (summoned) and a friendly rat (summoned).

Vanquished Creatures (collateral kills)
  A rat (D:1)
1 creature vanquished.

Notes
Turn   | Place    | Note
-------+----------+-------------------------------------------
     0 | D:1      | Rennog the Merfolk Summoner began the quest for the Orb.
     0 | D:1      | Reached XP level 1. HP: 13/13 MP: 3/3
    62 | D:1      | Slain by a kobold

Illustrated notes

Levels and vault maps discovered:
D:1:      dpeg_arrival_houses_and_road, layout_basic,
          chequers_ecumenical_altar_grove, serial_shops, shop,
          minmay_pentomino_q2

Action                   || total
-------------------------++-------
Melee: Unarmed           ||     7
 Cast: Summon Small Mamm ||     3
Armor: Robe              ||     2
Dodge: Dodged            ||     7

Table legend: (Time is in decaauts)
 A = Elapsed time spent in this place.
 B = Non-inter-level travel time spent in this place.
 C = Inter-level travel time spent in this place.
 D = Time resting spent in this place.
 E = Time spent auto-exploring this place.
 F = Levels seen in this place.
 G = Mean time per level.
                   A        B        C        D        E       F      G
               +--------+--------+--------+--------+--------+-----+--------+
         Total |     62 |     62 |      0 |      0 |     50 |   1 |   62.0 |
       Dungeon |     62 |     62 |      0 |      0 |     50 |   1 |   62.0 |
               +--------+--------+--------+--------+--------+-----+--------+

Top non-repeatable levels by time:
     D:1: 62 daAuts
